 Dungeon Crawl Stone Soup version 0.22.0-49-gab54619 (webtiles) character file.

320 Loudmushroom the Covered (level 6, -1/39 HPs)
             Began as a Gargoyle Fighter on Sept 4, 2018.
             Was an Initiate of Okawaru.
             Slain by a centaur (5 damage)
             ... on level 5 of the Dungeon on Sept 5, 2018.
             The game lasted 00:23:52 (4525 turns).

Loudmushroom the Covered (Gargoyle Fighter)         Turns: 4525, Time: 00:23:53

Health: -1/39      AC: 11    Str: 22    XL:     6   Next: 46%
Magic:  6/6        EV:  7    Int:  8    God:    Okawaru [......]
Gold:   92         SH:  9    Dex:  9    Spells: 5/5 levels left

rFire    . . .     SeeInvis .   a - +3 war axe
rCold    + . .     Gourm    .   c - +0 shield
rNeg     + . .     Faith    .   g - +0 scale mail
rPois    ∞         Spirit   .   (no helmet)
rElec    +         Reflect  .   (no cloak)
rCorr    .         Harm     .   (no gloves)
MR       .....                  (no boots)
Stlth    ..........             (no amulet)
HPRegen  0.13/turn              (no ring)
MPRegen  0.10/turn              e - ring of protection from cold

@: no status effects
A: negative energy resistance 1, electricity resistance, unbreathing,
petrification resistance, rot immunity, AC +4
a: Renounce Religion


You were on level 5 of the Dungeon.
You worshipped Okawaru.
Okawaru was noncommittal.
You were hungry.

You visited 1 branch of the dungeon, and saw 5 of its levels.

You collected 92 gold pieces.

Inventory:

Hand Weapons
 a - a +3 war axe (weapon)
 b - a +0 hunting sling
 s - a +0 trident
Missiles
 n - 71 stones
 y - 8 javelins (quivered)
Armour
 c - a +0 shield (worn)
 g - a +0 scale mail (worn)
 h - a +1 cloak
Jewellery
 e - a ring of protection from cold (right hand)
 l - a +3 ring of intelligence
 r - an uncursed ring of ice
Scrolls
 i - 5 scrolls of identify
 o - 2 scrolls of remove curse
 t - a scroll of fog
Potions
 d - a potion of might
 m - 7 potions of curing
 x - a potion of berserk rage
 A - a potion of haste
Comestibles
 f - 6 rations


   Skills:
 + Level 4.4 Fighting
 * Level 4.0 Axes
 + Level 4.4 Armour
 + Level 4.4 Shields
 + Level 0.3 Invocations


You had 5 spell levels left.
You didn't know any spells.
Your spell library was empty.

Dungeon Overview and Level Annotations

Branches:
Dungeon (5/15)
 Temple: D:4-7

Altars:
Dithmenos
Elyvilon
Okawaru


Innate Abilities, Weirdness & Mutations

You are resistant to torment.
Your stone body is resilient. (AC +4)
You are immune to poison.
You resist negative energy. (rN+)
You are resistant to electric shocks. (rElec)
You can survive without breathing.
You are immune to petrification.
You are immune to rotting.


Message History

You block the arrow. You block the scorpion's attack.
You closely miss the scorpion.
The scorpion is severely wounded.
The centaur shoots an arrow.
The arrow closely misses you.
The centaur shoots an arrow.
The arrow hits you.
* * * LOW HITPOINT WARNING * * *
You block the scorpion's attack.
The centaur unwields an uncursed shortbow.
The centaur hits you but does no damage.
You block the scorpion's attack.
You hit the centaur.
The centaur is lightly wounded.
Your shield and scale mail prevent you from hitting the scorpion.
The centaur barely misses you. The centaur hits you.
* * * LOW HITPOINT WARNING * * *
The scorpion barely misses you.
You hit the centaur.
The centaur is moderately wounded.
You hit the scorpion but do no damage. The centaur hits you.
You die...

#..##.....#.......#
#..##.....#........
#..##....##.......# ##
#...#.#+#...###.#.# #..
#.#(#.#.#.#.....#.# #...
#.#(#.#.........#.#
#....#.#(..#.###.....#<#
#.....s(#..#.###.....###
#......@#..#...........'
##.....c#.>#####.....###
#......#### ####### #
#....%.# #......#
#####+##


You could see a centaur and a scorpion.

Vanquished Creatures
  A crimson imp (D:3)
  An orc wizard (D:3)
  An iguana (D:4)
  3 worker ants
  A hound skeleton (D:5)
  A worker ant zombie (D:5)
  3 adders
  A gnoll (D:4)
  An ooze (D:1)
  A worm (D:2)
  3 dart slugs
  2 leopard geckos (D:2)
  5 orcs
  4 giant cockroaches
  8 goblins
  15 hobgoblins
  7 jackals
  A quokka (D:3)
  A ball python (D:3)
  6 bats
  3 frilled lizards (D:1)
  5 kobolds
  11 rats
85 creatures vanquished.

Notes
Turn   | Place    | Note
-------+----------+-------------------------------------------
     0 | D:1      | Loudmushroom the Gargoyle Fighter began the quest for the
                  | Orb.
     0 | D:1      | Reached XP level 1. HP: 14/14 MP: 1/1
   129 | D:1      | Reached XP level 2. HP: 13/19 MP: 2/2
   699 | D:1      | Reached XP level 3. HP: 23/23 MP: 3/3
  1233 | D:2      | Reached XP level 4. HP: 28/29 MP: 4/4
  2203 | D:3      | Reached XP level 5. HP: 7/33 MP: 5/5
  2558 | D:3      | Found a faded altar of an unknown god.
  2760 | D:3      | Found a shadowy altar of Dithmenos.
  3316 | D:4      | Reached XP level 6. HP: 23/38 MP: 6/6
  3600 | D:4      | Found a white marble altar of Elyvilon.
  3882 | D:4      | Found an iron altar of Okawaru.
  3924 | D:4      | Became a worshipper of Warmaster Okawaru
  4437 | D:5      | Entered Level 5 of the Dungeon
  4525 | D:5      | Slain by a centaur

Skill      XL: |  1  2  3  4  5  6 |
---------------+-------------------+-----
Axes           | 2 3 4 |  4.0
Fighting       | 4 |  4.4
Armour         | 4 |  4.4
Shields        | 4 |  4.4
Invocations    | |  0.3

Action                   |  1- 3 |  4- 6 || total
-------------------------+-------+-------++-------
Melee: War axe           |   125 |   202 ||   327
Throw: Javelin           |       |     3 ||     3
  Use: Scroll            |       |    15 ||    15
  Eat: Chunk             |     1 |     7 ||     8
       Ration            |       |     1 ||     1
Armor: Scale mail        |    79 |    83 ||   162
Dodge: Dodged            |    49 |    66 ||   115
Block: Shield            |   100 |   105 ||   205
